 Dungeon Sprint DCSS version 0.19-b1-4-gd8a0a2a (webtiles) character file.

17000000 Groucho the Formicid Barricade (level 27, -1/249 HPs)
             Began as a Formicid Fighter on Oct 30, 2016.
             Was the Champion of Makhleb.
             Killed by divine providence
             ... invoked by an accursed
              (13 damage)
             ... in the Dungeon (Sprint VIII: "Arena of Blood").
             The game lasted 00:07:40 (170 turns).

Groucho the Formicid Barricade (Formicid Fighter)    Turns: 170, Time: 00:07:40

Health: -1/249     AC: 13    Str: 26    XL:     27
Magic:  54/54      EV: 30    Int: 10    God:    Makhleb [******]
Gold:   0          SH: 19    Dex: 16    Spells: 0 memorised, 80 levels left

rFire  . . .     SeeInvis +     l - +∞ Axe of Woe
rCold  . . .     Gourm    .     b - +0 scale mail
rNeg   . . .     Faith    .     c - +0 shield
rPois  .         Spirit   .     (helmet unavailable)
rElec  .         Reflect  .     (no cloak)
rCorr  .         Harm     .     (no gloves)
MR     ++...                    (no boots)
Stlth  +++.......               (no amulet)
                                (no ring)
                                m - +100 ring of slaying

@: lethally poisoned (-1 -> -3)
A: permanent stasis, dig shafts and tunnels, four strong arms, antennae 3
a: Dig, Minor Destruction, Lesser Servant of Makhleb, Major Destruction, Greater
Servant of Makhleb, Renounce Religion
0: Orb of Zot


You were in the Dungeon.
You worshipped Makhleb.
Makhleb was exalted by your worship.
You were not hungry.

You visited 1 branch

Inventory:

Hand Weapons
 a - a +9 great sword of slicing
 l - the +∞ Axe of Woe (weapon)
   (You found it in the Dungeon)
Armour
 b - a +0 scale mail (worn)
 c - a +0 shield (worn)
Jewellery
 g - a +200 ring of slaying
 m - a +100 ring of slaying (left hand)
 n - a +200 ring of slaying
 o - a +200 ring of slaying
 p - a +200 ring of slaying
 q - a +200 ring of slaying
 r - a +250 ring of slaying
 s - a +100 ring of slaying
Scrolls
 k - a scroll of blinking
Potions
 d - a potion of might
 e - a potion of curing
 h - a potion of haste
 i - 2 potions of magic
 j - a potion of berserk rage
Comestibles
 f - a bread ration


   Skills:
 O Level 27 Fighting
 O Level 27 Long Blades
 O Level 27 Axes
 O Level 27 Throwing
 O Level 27 Armour
 O Level 27 Dodging
 O Level 27 Stealth
 O Level 27 Shields
 O Level 27 Unarmed Combat
 O Level 27 Spellcasting
 O Level 27 Invocations


You had 80 spell levels left.
You didn't know any spells.

Dungeon Overview and Level Annotations

Branches:
Dungeon (1/1)

Altars:
Makhleb

Annotations:
D The Captor


Innate Abilities, Weirdness & Mutations

You are under a permanent stasis effect.
You can dig through walls and to a lower floor.
Your four strong arms can wield two-handed weapons with a shield.
You have a pair of large antennae on your head. (SInv)


Message History

The bag of meat barely misses you.
The wretched soul breathes negative energy at you.
The bolt of negative energy misses you.
The bolt of negative energy hits the crawling corpse.
The crawling corpse completely resists.
The meat berserker hits you with a +9 battleaxe!!!
* * * LOW HITPOINT WARNING * * *
The bag of meat moves out of view.
The meat berserker moves out of view.
The eight-headed meat hydra moves out of view.
The dread calls on the powers of darkness!
The bag of meat convulses!
The eight-headed meat hydra convulses! x2
The fleshlord convulses!
The bag of meat convulses! x3
The eight-headed meat hydra convulses!
The bag of meat convulses!
The observer convulses!
The bag of meat convulses!
Your body is wracked with pain!
* * * LOW HITPOINT WARNING * * *
The meat berserker convulses! x2; The destroyer moves out of view.
The accursed casts a spell at you. Something smites you!
You die...

.... .. ..... #..
.{.#{{ #.. ..o# .
O###.. .%%###...
zO.%..###.%......
2.%..._)).......
.{ #.%O))# ....
... #V§@x_# .{.{.
....2#§§§o)#.{....
.%.oDW§§_§)po..%..
....oDp###o.......
..###WD{{..M###%%.
. {#o.{{{..#{ ..
#o{.{{.G#
M..{.{...
...........


You could see 2 accurseds, 3 eight-headed meat hydras, a destroyer, an observer
(invisible), 2 fleshlords, a sculptor of flesh, a wretched soul (invisible), a
dread, 3 meat berserkers, 8 bags of meat and a crawling corpse.

Vanquished Creatures
  Dispater (D)
  6 hell knights (D)
  13 hell beasts (D)
  Edmund (D)
  5 greater mummies (D)
  2 great orbs of eyes (D)
  4 wraiths (D)
  Harold (D)
  15 vampire knights (D)
  49 ogres (D)
  4 liches (D)
  2 hydras (D)
  66 orcs (D)
  5 phantoms (D)
  7 hill giants (D)
  5 skeletal warriors (D)
  5 sea snakes (D)
  6 large abominations (D)
  8 small abominations (D)
  11 crawling corpses (D)
216 creatures vanquished.

Vanquished Creatures (others)
  An orc (D)
  A sea snake (D)
2 creatures vanquished.

Grand Total: 218 creatures vanquished

Notes
Turn   | Place    | Note
-------+----------+-------------------------------------------
     0 | D        | Groucho the Formicid Fighter began the quest for the Orb.
     0 | D        | Reached XP level 1. HP: 18/18 MP: 1/1
     3 | D        | Noticed a bag of meat
     3 | D        | Noticed a bag of meat
     3 | D        | Noticed a meat berserker
     4 | D        | Noticed a bag of meat
     5 | D        | Noticed a bag of meat
     5 | D        | Became a worshipper of Makhleb the Destroyer
     6 | D        | Noticed a bag of meat
     7 | D        | Killed a meat berserker
     7 | D        | Reached skill level 15 in Axes
     7 | D        | Reached XP level 2. HP: 46/46 MP: 2/2
     7 | D        | Reached XP level 3. HP: 52/52 MP: 3/3
     7 | D        | Reached XP level 4. HP: 59/59 MP: 4/4
     7 | D        | Reached XP level 5. HP: 65/65 MP: 5/5
     7 | D        | Reached XP level 6. HP: 73/73 MP: 6/6
     7 | D        | Reached XP level 7. HP: 79/79 MP: 7/7
     7 | D        | Reached XP level 8. HP: 86/86 MP: 8/8
     7 | D        | Reached XP level 9. HP: 92/92 MP: 9/9
     7 | D        | Reached XP level 10. HP: 99/99 MP: 10/10
     7 | D        | Reached XP level 11. HP: 106/106 MP: 11/11
     7 | D        | Reached XP level 12. HP: 113/113 MP: 12/12
     7 | D        | Reached XP level 13. HP: 119/119 MP: 13/13
     8 | D        | Killed a bag of meat
     8 | D        | Reached * piety under Makhleb
     8 | D        | Reached skill level 15 in Dodging
     8 | D        | Reached XP level 14. HP: 130/130 MP: 14/14
     8 | D        | Killed a bag of meat
     8 | D        | Reached XP level 15. HP: 139/139 MP: 15/15
    10 | D        | Reached ** piety under Makhleb
    10 | D        | Reached XP level 16. HP: 150/150 MP: 16/16
    12 | D        | Noticed a meat berserker
    13 | D        | Killed a meat berserker
    13 | D        | Reached XP level 17. HP: 163/163 MP: 17/17
    15 | D        | Reached *** piety under Makhleb
    16 | D        | Reached XP level 18. HP: 175/175 MP: 18/18
    18 | D        | Noticed a meat berserker
    19 | D        | Noticed a meat berserker
    19 | D        | Noticed a meat berserker
    23 | D        | Killed a meat berserker
    23 | D        | Reached **** piety under Makhleb
    23 | D        | Reached skill level 27 in Shields
    25 | D        | Noticed a large bag of meat
    25 | D        | Reached skill level 27 in Fighting
    25 | D        | Reached skill level 27 in Armour
    25 | D        | Reached XP level 19. HP: 172/189 MP: 19/19
    26 | D        | Noticed a meat berserker
    26 | D        | Noticed a meat berserker
    26 | D        | Noticed a meat berserker
    26 | D        | Killed a meat berserker
    26 | D        | Reached skill level 27 in Axes
    26 | D        | Reached skill level 27 in Dodging
    26 | D        | Reached skill level 10 in Unarmed Combat
    26 | D        | Reached XP level 20. HP: 197/197 MP: 19/29
    27 | D        | Killed a meat berserker
    29 | D        | Killed a meat berserker
    29 | D        | Reached ***** piety under Makhleb
    29 | D        | Reached XP level 21. HP: 204/204 MP: 19/37
    29 | D        | Reached skill level 27 in Invocations
    30 | D        | Killed a meat berserker
    30 | D        | Reached skill level 27 in Unarmed Combat
    30 | D        | Reached XP level 22. HP: 212/212 MP: 19/40
    32 | D        | Killed a meat berserker
    35 | D        | Reached ****** piety under Makhleb
    36 | D        | Reached XP level 23. HP: 194/219 MP: 21/51
    38 | D        | Reached skill level 27 in Throwing
    38 | D        | Reached skill level 27 in Spellcasting
    38 | D        | Reached skill level 5 in Stealth
    40 | D        | Noticed a destroyer
    42 | D        | Killed a destroyer
    42 | D        | Reached skill level 27 in Stealth
    42 | D        | Reached XP level 24. HP: 227/227 MP: 22/54
    46 | D        | Noticed a destroyer
    46 | D        | Reached XP level 25. HP: 234/234 MP: 23/54
    47 | D        | Noticed a destroyer
    47 | D        | Noticed a destroyer
    48 | D        | Noticed an accursed
    49 | D        | Reached XP level 26. HP: 242/242 MP: 24/54
    51 | D        | Killed a destroyer
    51 | D        | Killed a destroyer
    51 | D        | Reached XP level 27. HP: 249/249 MP: 24/54
    55 | D        | Killed a destroyer
    57 | D        | Noticed an accursed
    58 | D        | Killed an accursed
    60 | D        | Noticed a meat beast
    62 | D        | Killed a meat beast
    63 | D        | Noticed a destroyer
    64 | D        | Noticed a destroyer
    69 | D        | Killed a destroyer
    69 | D        | Killed an accursed
    72 | D        | Noticed a meat beast
    73 | D        | Noticed a dread
    74 | D        | Killed a destroyer
    74 | D        | Killed a dread
    75 | D        | Noticed a destroyer
    76 | D        | Killed a meat beast
    78 | D        | Noticed an accursed
    85 | D        | Noticed a meat beast
    85 | D        | Killed a destroyer
    87 | D        | Killed a meat beast
    88 | D        | Noticed a tyrant
    91 | D        | Noticed a meat beast
    92 | D        | Noticed a destroyer
    93 | D        | Noticed a meat beast
    93 | D        | Noticed a destroyer
    94 | D        | Noticed an accursed
    94 | D        | Killed a meat beast
    95 | D        | Noticed a meat beast
    97 | D        | Noticed an accursed
    98 | D        | Killed an accursed
    99 | D        | Noticed a tyrant
    99 | D        | Killed a destroyer
   100 | D        | Noticed a destroyer
   100 | D        | Noticed a tyrant
   101 | D        | Noticed The Defiler
   101 | D        | Killed a meat beast
   102 | D        | Killed a tyrant
   104 | D        | Killed a tyrant
   106 | D        | Noticed a meat beast
   106 | D        | Killed The Defiler
   107 | D        | Noticed a destroyer
   107 | D        | Killed a meat beast
   107 | D        | Killed a meat beast
   107 | D        | Killed an accursed
   108 | D        | Noticed a meat beast
   109 | D        | Killed a destroyer
   110 | D        | Noticed a meat beast
   111 | D        | Killed a tyrant
   112 | D        | Killed a meat beast
   113 | D        | Noticed a dread
   113 | D        | Killed a meat beast
   113 | D        | Killed a destroyer
   117 | D        | Noticed a destroyer
   117 | D        | HP: 12/249 [bag of meat/+9 war axe (29)]
   120 | D        | Killed an accursed
   123 | D        | Killed a destroyer
   125 | D        | Killed a dread
   127 | D        | Noticed a fleshlord
   128 | D        | Killed a destroyer
   129 | D        | Noticed a meat beast
   129 | D        | Noticed a meat beast
   131 | D        | Noticed a fleshlord
   131 | D        | Killed a fleshlord
   132 | D        | Noticed a tyrant
   133 | D        | Noticed a destroyer
   133 | D        | Killed a meat beast
   133 | D        | Reached skill level 27 in Long Blades
   135 | D        | Killed a meat beast
   136 | D        | Killed a fleshlord
   139 | D        | Killed a destroyer
   141 | D        | Noticed a dread
   142 | D        | Noticed a meat beast
   143 | D        | Noticed a fleshlord
   144 | D        | Killed a tyrant
   145 | D        | Noticed The Servant
   146 | D        | Noticed a fleshlord
   146 | D        | Killed a dread
   148 | D        | Killed a meat beast
   149 | D        | Noticed a meat beast
   149 | D        | Noticed a dread
   150 | D        | Noticed a fleshlord
   150 | D        | Killed The Servant
   152 | D        | Noticed a destroyer
   153 | D        | Killed a fleshlord
   154 | D        | Killed a fleshlord
   156 | D        | Noticed a fleshlord
   157 | D        | Noticed a dread
   157 | D        | Noticed The Meatlord
   157 | D        | Killed a destroyer
   161 | D        | Killed a meat beast
   162 | D        | Noticed an accursed
   162 | D        | Killed The Meatlord
   163 | D        | Noticed a destroyer
   163 | D        | Killed a fleshlord
   164 | D        | Noticed a destroyer
   164 | D        | Noticed a fleshlord
   164 | D        | Got the Orb of Zot
   165 | D        | Noticed a fleshlord
   165 | D        | Killed a fleshlord
   166 | D        | Noticed a meat beast
   166 | D        | Killed a dread
   166 | D        | Killed a destroyer
   169 | D        | Noticed an accursed
   169 | D        | Noticed The Captor
   170 | D        | Noticed a destroyer
   170 | D        | Noticed a meat beast
   170 | D        | HP: 12/249 [??? (9)]
   170 | D        | Killed from afar by an accursed

Skill      XL: |  1  2  3  4  5  6  7  8  9 10 11 12 13 14 15 16 17 18 19 20 21 22 23 24 25 26 27 |
---------------+----------------------------------------------------------------------------------+-----
Fighting       | 16 18 19 20 23 24 27 | 27.0
Axes           | 15 16 17 19 21 22 25 27 | 27.0
Armour         | 16 18 19 20 23 24 27 | 27.0
Dodging        | 14 15 16 18 20 21 23 27 | 27.0
Shields        | 17 19 20 22 24 26 27 | 27.0
Unarmed Combat | 10 21 27 | 27.0
Invocations    | 12 24 27 | 27.0
Throwing       | 14 24 27 | 27.0
Spellcasting   | 14 24 27 | 27.0
Stealth        | 27 | 27.0
Long Blades    | 27 | 27.0

Action                   |  1- 3 |  4- 6 |  7- 9 | 10-12 | 13-15 | 16-18 | 19-21 | 22-24 | 25-27 || total
-------------------------+-------+-------+-------+-------+-------+-------+-------+-------+-------++-------
Melee: Executioner's axe |     1 |       |       |       |     2 |     6 |     4 |    12 |    96 ||   121
  Use: Potion            |       |       |       |       |       |       |       |       |     1 ||     1
Armor: Scale mail        |       |       |       |       |       |       |       |       |     1 ||     1
Dodge: Dodged            |       |       |       |       |       |       |       |       |    19 ||    19
Block: Shield            |       |       |       |       |       |       |     1 |       |     7 ||     8
